 Dungeon Crawl Stone Soup version 0.24.0-13-gcf9b319 (webtiles) character file.

Game seed: 3043803830428974277, levelgen mode: deterministic

86 hgbash the Cudgeler (level 4, -2/41 HPs)
             Began as a Minotaur Chaos Knight on Jan 8, 2020.
             Was a Plaything of Xom.
             Slain by Terence the shock serpent (glowing shapeshifter) (13 damage)
             ... on level 2 of the Dungeon.
             The game lasted 00:05:11 (1506 turns).

hgbash the Cudgeler (Minotaur Chaos Knight)         Turns: 1506, Time: 00:05:14

Health: -2/41      AC:  6    Str: 17    XL:     4   Next: 26%
Magic:  3/3        EV: 11    Int:  9    God:    Xom [..*...]
Gold:   64         SH:  0    Dex: 10    Spells: 3/3 levels left

rFire    . . .     SeeInvis .   a - +0 mace (chaos)
rCold    . . .     Gourm    .   (no shield)
rNeg     . . .     Faith    .   b - +2 leather armour
rPois    .         Spirit   .   (helmet restricted)
rElec    .         Reflect  .   (no cloak)
rCorr    .         Harm     .   (no gloves)
MR       .....                  u - +0 pair of boots
Stlth    +.........             (no amulet)
HPRegen  0.13/turn              (no ring)
MPRegen  0.08/turn              (no ring)

@: no status effects
A: retaliatory headbutt, horns 2
a: Renounce Religion


You were on level 2 of the Dungeon.
You worshipped Xom.
You were a toy of Xom.
You were not hungry.

You visited 1 branch of the dungeon, and saw 2 of its levels.

You collected 64 gold pieces.

Inventory:

Hand Weapons
 a - a +0 mace of chaos (weapon)
 d - a +0 short sword
 h - a +0 hunting sling
Missiles
 k - 4 arrows
Armour
 b - a +2 leather armour (worn)
 u - a +0 pair of boots (worn)
Jewellery
 l - an uncursed ring of positive energy {unknown}
 o - an uncursed amulet of harm {unknown}
 q - an uncursed ring of protection from cold {unknown}
 x - a +3 ring of protection {unknown}
Scrolls
 e - 2 scrolls of teleportation {unknown}
 f - a scroll of magic mapping {unknown}
 g - a scroll of enchant weapon {unknown}
 i - a scroll of fear {unknown}
 m - a scroll of fog {unknown}
 n - 3 scrolls of identify {unknown}
 s - a scroll of remove curse {unknown}
 t - a scroll of amnesia {unknown}
Potions
 j - a potion of berserk rage {unknown}
 r - a potion of heal wounds {unknown}
 v - 2 potions of brilliance {unknown}
 w - a potion of agility {unknown}
Comestibles
 c - 5 rations
 p - 2 chunks of flesh


   Skills:
 + Level 4.8 Fighting
 + Level 4.9 Maces & Flails
 + Level 2.8 Armour
 + Level 1.2 Dodging
 + Level 0.3 Stealth


You had 3 spell levels left.
You didn't know any spells.
Your spell library was empty.

Dungeon Overview and Level Annotations

Branches:
Dungeon (2/15)

Altars:

Annotations:
D:2 Terence


Innate Abilities, Weirdness & Mutations

You reflexively headbutt those who attack you in melee.
You have a pair of horns on your head.


Message History

Terence is almost dead.
Terence barely misses you.
You hit Terence but do no damage.
Terence changes into a glowing shapeshifter!
Xom is interested.
Xom thinks this is hilarious!
You headbutt Terence.
Terence is severely wounded.
Terence the glowing shapeshifter changes into a shock serpent!
You sock Terence! You burn Terence. Your headbutt misses Terence.
Terence is lightly wounded.
Terence's electric aura discharges, shocking you!
Terence shoots out a bolt of lightning at you!
The bolt of electricity hits you! The bolt of electricity misses you.
You barely miss Terence.
Terence is lightly wounded.
Terence bites you!
* * * LOW HITPOINT WARNING * * *
Terence shocks you!
You die...
Xom guffaws!

## ######## .. ####
#......# .# ...#
#.####.# .#
#..###.####.#####.#
..................#
....##.####.####..#####.
.#.###......# #@.......
...# ######## #S#######
#### ... .# ....# .#
.##..# .# .. ...# .. .#
.# ...# #. .#### .. #..#
. ....#


You could see Terence the shock serpent shaped shifter.

Vanquished Creatures
  Jessica (D:2)
  An adder (D:2)
  An ooze (D:1)
  2 dart slugs
  A leopard gecko (D:1)
  2 ball pythons (D:1)
  3 giant cockroaches
  5 goblins
  5 hobgoblins
  3 jackals (D:1)
  5 bats
  3 frilled lizards
  3 kobolds
  6 rats
41 creatures vanquished.

Notes
Turn   | Place    | Note
-------+----------+-------------------------------------------
     0 | D:1      | hgbash the Minotaur Chaos Knight began the quest for the
                  | Orb.
     0 | D:1      | Reached XP level 1. HP: 19/19 MP: 0/0
    40 | D:1      | XOM: harmless Conj miscast
   136 | D:1      | Reached XP level 2. HP: 27/27 MP: 1/1
   433 | D:1      | XOM: noise
   747 | D:1      | XOM: harmless Fire miscast
   903 | D:1      | Reached XP level 3. HP: 34/34 MP: 2/2
  1378 | D:2      | XOM: harmless Ice miscast
  1413 | D:2      | Noticed Jessica
  1419 | D:2      | Killed Jessica
  1419 | D:2      | Reached XP level 4. HP: 41/41 MP: 3/3
  1501 | D:2      | Noticed Terence
  1504 | D:2      | Noticed Terence
  1504 | D:2      | Terence changed into Terence the glowing shapeshifter
  1504 | D:2      | Noticed Terence
  1504 | D:2      | Terence the glowing shapeshifter changed into Terence the
                  | shock serpent
  1506 | D:2      | Slain by Terence the shock serpent (glowing shapeshifter)

Levels and vault maps discovered:
D:1:      erik_arrival_blinker_ship, layout_basic
D:2:      layout_loops_cross, uniq_terence, uniq_jessica

Skill      XL: |  1  2 |
---------------+-------+-----
Fighting       | 4 |  4.8
Maces & Flails | 4 |  4.9
Armour         | |  2.8
Dodging        | |  1.2
Stealth        | |  0.3

Action                   |  1- 3 |  4- 6 || total
-------------------------+-------+-------++-------
Melee: Mace              |    67 |     9 ||    76
       Headbutt          |     7 |     2 ||     9
 Stab: Paralysed         |     1 |       ||     1
  Eat: Chunk             |     2 |       ||     2
Armor: Leather armour    |    18 |     4 ||    22
Dodge: Dodged            |    34 |     6 ||    40
